 Dungeon Crawl Stone Soup version 0.23-a0-712-g3a644c0 (webtiles) character file.

34 MalarOregon the Sneak (level 3, 0/25 HPs)
             Began as a Merfolk Enchanter on Jan 16, 2019.
             Slain by Sigmund
             ... wielding a +0 scythe
              (11 damage)
             ... on level 2 of the Dungeon.
             The game lasted 00:02:51 (1557 turns).

MalarOregon the Sneak (Merfolk Enchanter)           Turns: 1557, Time: 00:02:52

Health: 0/25       AC:  2    Str:  8    XL:     3   Next: 31%
Magic:  2/6        EV: 13    Int: 15    God:
Gold:   69         SH:  0    Dex: 14    Spells: 3/6 levels left

rFire    . . .     SeeInvis .   a - +1 dagger
rCold    . . .     Gourm    .   (no shield)
rNeg     . . .     Faith    .   b - +0 robe
rPois    .         Spirit   .   (no helmet)
rElec    .         Reflect  .   (no cloak)
rCorr    .         Harm     .   (no gloves)
MR       .....                  (no boots)
Stlth    ++........             (no amulet)
HPRegen  0.08/turn              (no ring)
MPRegen  0.10/turn              (no ring)

@: very slightly contaminated
A: change form in water, swift swim, stealthy swim
a: no special abilities


You were on level 2 of the Dungeon.
You were hungry.

You visited 1 branch of the dungeon, and saw 2 of its levels.

You collected 69 gold pieces.

Inventory:

Hand Weapons
 a - a +1 dagger (weapon)
Missiles
 c - 26 stones (quivered)
 f - 19 poisoned needles
Armour
 b - a +0 robe (worn)
Jewellery
 k - an uncursed ring of poison resistance {unknown}
   (You found it on level 1 of the Dungeon)
Scrolls
 h - 2 scrolls of enchant weapon {unknown}
 i - a scroll of remove curse {unknown}
 l - a scroll of identify {unknown}
 m - a scroll of random uselessness {unknown}
 n - a scroll of noise {unknown}
Potions
 g - a potion of ambrosia {unknown}
 j - a potion of might {unknown}
Comestibles
 d - 2 chunks of flesh
 e - 4 rations {!d}


   Skills:
 + Level 0.7 Fighting
 + Level 1.7 Short Blades
 + Level 1.0 Throwing
 + Level 0.3 Armour
 + Level 3.0 Dodging
 - Level 3.2 Stealth
 + Level 2.1 Spellcasting
 + Level 3.2 Hexes
 + Level 0.4 Ice Magic


You had 3 spell levels left.
You knew the following spells:

 Your Spells              Type           Power        Failure   Level  Hunger
a - Corona                Hex            ##.....      6%          1    #......
x - Ensorcelled Hibernat  Hex/Ice        #.....       16%         2    ###....

Your spell library contained the following spells:

 Spells                   Type           Power        Failure   Level  Hunger
 Confuse                  Hex            ##......     17%         3    ###....
 Tukima's Dance           Hex            ##......     17%         3    ###....
 Dazzling Spray           Conj/Hex       #.....       34%         3    ###....


Dungeon Overview and Level Annotations

Branches:
Dungeon (2/15)

Altars:
Wu Jian

Annotations:
D:2 Sigmund


Message History

You hit the hobgoblin. The hobgoblin barely misses you. Something hits you.
* * * LOW HITPOINT WARNING * * *
Aim: a hobgoblin, wielding a +0 club (heavily wounded, chance to defeat MR: 56%)
You miscast Ensorcelled Hibernation.
You are very lightly contaminated with residual magic.
Your skin glows momentarily.
The hobgoblin barely misses you.
Found a ration.
The hobgoblin barely misses you. The hobgoblin barely misses you.
Your magical contamination has completely faded away.
Found a dark potion.
Found an ornate altar of the Wu Jian Council.
Some of the chunks of flesh in your inventory have rotted away.
You hit the hobgoblin. The hobgoblin barely misses you.
You barely miss the hobgoblin. The hobgoblin hits you with a +0 club.
* * * LOW HITPOINT WARNING * * *
Sigmund hits you from afar with a +0 scythe.
* * * LOW HITPOINT WARNING * * *
Unknown command.
A dart slug comes into view.
You see here a chain mail.
Sigmund whispers, "You'll know eternity soon."
Sigmund gestures wildly while chanting.
Sigmund flickers and vanishes!
Aim: a hobgoblin, wielding a +0 club (heavily wounded, chance to defeat MR: 56%)
The hobgoblin looks drowsy...
The helpless hobgoblin fails to defend itself.
You impale the hobgoblin!!
You kill the hobgoblin!
A puff of flame appears from out of thin air!
The puff of flame misses you.
You are feeling hungry.
You start resting.
The dart slug is too close now for your liking.
You hear some strange, mumbled words.
Something tries to affect you, but you resist.
You see here a chain mail.
The dart slug launches a dart at you. The slug dart misses you.
Aim: a worm (chance to defeat MR: 48%)
You miscast Ensorcelled Hibernation.
You are very lightly contaminated with residual magic.
Nothing appears to happen.
Aim: a worm (chance to defeat MR: 48%)
The worm looks drowsy...
The dart slug completely misses you.
The helpless worm fails to defend itself.
You puncture the worm! Something hits you!
You die...

#.....# #. #. ####..#
#.## #. #..# #... .
#..# #.####### #..#
#........ #..#
#..###### #..#
#..######
######..####..#.....
#.w@w.....).....####
#.####.#####........
#.# #[# ##.#####. #.#
#{# #.# #{# #.# #.#
#.# #.######.####..
#.# #.#............
##{## #.#.#.##.......
#...###...._.....##.#


You could see a worm and a dart slug.

Vanquished Creatures
  2 dart slugs (D:1)
  A giant cockroach (D:1)
  5 goblins
  5 hobgoblins
  5 bats (D:1)
  3 frilled lizards (D:1)
  3 kobolds
  5 rats (D:1)
29 creatures vanquished.

Notes
Turn   | Place    | Note
-------+----------+-------------------------------------------
     0 | D:1      | MalarOregon the Merfolk Enchanter began the quest for the
                  | Orb.
     0 | D:1      | Reached XP level 1. HP: 13/13 MP: 3/3
   382 | D:1      | Reached XP level 2. HP: 20/20 MP: 5/5
   816 | D:1      | Learned a level 2 spell: Ensorcelled Hibernation
  1121 | D:1      | Reached XP level 3. HP: 17/25 MP: 4/6
  1337 | D:2      | Reached skill level 1 in Throwing
  1446 | D:2      | Noticed Sigmund
  1512 | D:2      | Found an ornate altar of the Wu Jian Council.
  1557 | D:2      | Slain by Sigmund

Vault maps used:
D:1:      roderic_chinese_lattice_arrival, chequers_mini_garden
D:2:      eat_drink_and_be_merry_uskayaw, lemuel_crystal_altar,
          chequers_ecumenical_altar_simple, first_ration, uniq_sigmund

Skill      XL: |  1  2  3 |
---------------+----------+-----
Dodging        | 3 |  3.0
Throwing       | 1 |  1.0
Fighting       | |  0.7
Short Blades   | |  1.7
Armour         | |  0.3
Stealth        | |  3.2
Spellcasting   | |  2.1
Hexes          | |  3.2
Ice Magic      | |  0.4

Action                   || total
-------------------------++-------
Melee: Dagger            ||   110
 Cast: Ensorcelled Hiber ||     7
 Stab: Sleeping          ||    14
  Eat: Chunk             ||     2
Armor: Robe              ||    23
Dodge: Dodged            ||    97

Table legend:
 A = Non-vault XP
 B = Vault XP
 C = Vault XP percentage of total XP
 D = Non-vault monster count
 E = Vault monster count
 F = Vault count percentage of total count
                 A         B        C        D         E       F
            +---------+---------+-------+---------+---------+-------
      Total |      49 |       0 |   0.0 |      29 |       0 |   0.0
            +---------+---------+-------+---------+---------+-------
        D:1 |      41 |       0 |   0.0 |      25 |       0 |   0.0
        D:2 |       8 |       0 |   0.0 |       4 |       0 |   0.0
            +---------+---------+-------+---------+---------+-------
